 Dungeon Crawl Stone Soup version 0.25.0-9-g26727b657a (webtiles) character file.

Game seed: 15743490616028162173

50 po7itron the Gusty (level 3, 0/31 HPs)
             Began as a Gnoll Wanderer on June 19, 2020.
             Was an Initiate of Trog.
             Succumbed to an adder's poison
             ... on level 2 of the Dungeon.
             The game lasted 00:04:10 (1710 turns).

po7itron the Gusty (Gnoll Wanderer)                 Turns: 1710, Time: 00:04:10

Health: 0/31       AC:  2    Str: 11 (13) XL:     3   Next: 79%
Magic:  4/4        EV: 12    Int: 10 (13) God:    Trog [......]
Gold:   71         SH:  0    Dex: 15 (17) Spells: 2/3 levels left

rFire    . . .     SeeInvis .   i - +2 dagger (venom)
rCold    . . .     Gourm    .   (no shield)
rNeg     . . .     Faith    .   d - +0 robe
rPois    .         Spirit   .   (no helmet)
rElec    .         Reflect  .   (no cloak)
rCorr    .         Harm     .   (no gloves)
MR       .....                  (no boots)
Stlth    ++........             (no amulet)
HPRegen  0.10/turn              (no ring)
MPRegen  0.09/turn              (no ring)

@: lethally poisoned (0 -> -3)
A: distributed training, fangs 1, strong nose
a: Renounce Religion


You were on level 2 of the Dungeon.
You worshipped Trog.
Trog was noncommittal.
You were hungry.

You visited 1 branch of the dungeon, and saw 2 of its levels.

You collected 71 gold pieces.

Inventory:

Hand Weapons
 a - a +2 spear
 i - a +2 dagger of venom (weapon)
Missiles
 g - 16 poisoned darts (quivered)
Armour
 d - a +0 robe (worn)
Scrolls
 b - a scroll of immolation {unknown}
 c - a scroll of noise {unknown}
 j - a scroll of identify {unknown}
Comestibles
 f - a ration


   Skills:
 + Level 4.5 Fighting
 + Level 0.9 Short Blades
 + Level 0.9 Long Blades
 + Level 0.9 Axes
 + Level 0.9 Maces & Flails
 + Level 2.6 Polearms
 + Level 0.9 Staves
 + Level 0.9 Slings
 + Level 0.9 Bows
 + Level 0.9 Crossbows
 + Level 4.5 Throwing
 + Level 0.9 Armour
 + Level 0.9 Dodging
 + Level 0.9 Stealth
 + Level 0.9 Shields
 + Level 0.9 Unarmed Combat
 + Level 0.9 Spellcasting
 + Level 0.6 Conjurations
 + Level 0.6 Hexes
 + Level 0.6 Charms
 + Level 0.6 Summonings
 + Level 0.6 Necromancy
 + Level 0.6 Translocations
 + Level 0.6 Transmutations
 + Level 0.6 Fire Magic
 + Level 0.6 Ice Magic
 + Level 5.4 Air Magic
 + Level 0.6 Earth Magic
 + Level 3.8 Poison Magic
 + Level 1.0 Invocations
 + Level 0.9 Evocations


You had 2 spell levels left.
You knew the following spells:

 Your Spells              Type           Power        Failure   Level  Hunger
a - Shock                 Conj/Air       #...         10%         1    ##.....

Your spell library contained the following spells:

 Spells                   Type           Power        Failure   Level  Hunger
 Freeze                   Ice            #...         26%         1    ##.....
 Static Discharge         Conj/Air       #.......     30%         3    ####...
 Frozen Ramparts          Ice            #.....       63%         3    ####...


Dungeon Overview and Level Annotations

Branches:
Dungeon (2/15)

Altars:
Trog
Xom


Innate Abilities, Weirdness & Mutations

Your experience applies equally to all skills.
You have very sharp teeth.
Your uncanny sense of smell can sniff out nearby items.


Message History

* * * LOW HITPOINT WARNING * * *
You feel sick.
* * * LOW HITPOINT WARNING * * *
You feel sick.
* * * LOW HITPOINT WARNING * * *
You feel sick.
* * * LOW HITPOINT WARNING * * *
You feel sick.
There is a bloodstained altar of Trog here.
You kneel at the altar of Trog.
Trog welcomes you!
Okay, then.
Unknown command.
Press < or > to pray at altars.
There is a lethal amount of poison in your body!
There is a lethal amount of poison in your body!
There is a lethal amount of poison in your body!
* * * LOW HITPOINT WARNING * * *
You feel sick.
You die...

...... ..... ...# .....
.....# ..........#
..##.....# #.##.....#
########### #..#.....###.
#≈≈≈≈≈≈≈#.###............
#≈..≈..≈#.#.@............
#≈.≈?≈.≈#...........>....
#≈≈.≈?≈.'.................
#≈.≈.≈.≈#.._..8.._.........
#≈..≈..≈##.................
#≈≈≈≈≈≈≈###................
###########................
..................#
##########†.#.........#


There were no monsters in sight!

Vanquished Creatures
  An adder (D:2)
  An ooze (D:1)
  2 dart slugs (D:1)
  5 bats
  A giant cockroach (D:2)
  6 goblins
  2 hobgoblins
  8 jackals
  3 kobolds (D:1)
  A frilled lizard (D:2)
  A rat (D:2)
31 creatures vanquished.

Notes
Turn   | Place    | Note
-------+----------+-------------------------------------------
     0 | D:1      | po7itron the Gnoll Wanderer began the quest for the Orb.
     0 | D:1      | po7itron set off with the following items: a +2 spear, a +0
                  | robe, a ration; and the following spells available to
                  | memorise: Shock, Freeze, Static Discharge, Frozen Ramparts
     0 | D:1      | Reached XP level 1. HP: 20/20 MP: 1/1
   186 | D:1      | Reached XP level 2. HP: 13/26 MP: 2/2
   873 | D:1      | Reached XP level 3. HP: 26/31 MP: 3/3
  1527 | D:2      | Learned a level 1 spell: Shock
  1549 | D:2      | Found a bloodstained altar of Trog.
  1550 | D:2      | Found a shimmering altar of Xom.
  1568 | D:2      | Reached skill level 1 in Invocations
  1705 | D:2      | Became a worshipper of Trog the Wrathful
  1706 | D:2      | HP: 1/31 [poisoned by an adder]
  1710 | D:2      | Succumbed to an adder's poison

Illustrated notes

Levels and vault maps discovered:
D:1:      elethiomel_arrival_maze, layout_basic
D:2:      layout_basic, lemuel_round_altar, grunt_temple_overflow_open,
          kennysheep_generic_room_10

Skill      XL: |  1  2  3 |
---------------+----------+-----
Invocations    | 1 |  1.0
Fighting       | |  4.5
Short Blades   | |  0.9
Long Blades    | |  0.9
Axes           | |  0.9
Maces & Flails | |  0.9
Polearms       | |  2.6
Staves         | |  0.9
Slings         | |  0.9
Bows           | |  0.9
Crossbows      | |  0.9
Throwing       | |  4.5
Armour         | |  0.9
Dodging        | |  0.9
Stealth        | |  0.9
Shields        | |  0.9
Unarmed Combat | |  0.9
Spellcasting   | |  0.9
Conjurations   | |  0.6
Hexes          | |  0.6
Charms         | |  0.6
Summonings     | |  0.6
Necromancy     | |  0.6
Translocations | |  0.6
Transmutations | |  0.6
Fire Magic     | |  0.6
Ice Magic      | |  0.6
Air Magic      | |  5.4
Earth Magic    | |  0.6
Poison Magic   | |  3.8
Evocations     | |  0.9

Action                   || total
-------------------------++-------
Melee: Spear             ||    49
       Bite              ||    10
       Dagger            ||    53
       Punch             ||     1
 Cast: Shock             ||     3
  Use: Potion            ||     2
 Stab: Sleeping          ||     1
  Eat: Chunk             ||     2
Armor: Robe              ||    22
Dodge: Dodged            ||    68
